 Dungeon Crawl Stone Soup version 0.29.1-15-g9cfb28693d (webtiles) character file.

Game seed: 9115204018000594191

9989 croobank the Destroyer (level 11, -3/83 HPs)
             Began as a Gnoll Conjurer on May 2, 2023.
             Was a Priest of Trog.
             Slain by an orc knight
             ... wielding a +0 great sword
              (12 damage)
             ... on level 10 of the Dungeon.
             The game lasted 00:48:56 (12783 turns).

croobank the Destroyer (Gnoll Conjurer)            Turns: 12783, Time: 00:48:57

Health: -3/83      AC: 11    Str: 16    XL:     11   Next: 55%
Magic:  0/23       EV: 14    Int: 17    God:    Trog [***...]
Gold:   394        SH:  0    Dex: 10    Spells: 26/26 levels left

rFire   . . .      SeeInvis .   x - +10 whip "Viasma" {vorpal, rElec}
rCold   . . .      Faith    .   L - orb {light}
rNeg    . . .      Spirit   +   t - +0 troll leather armour
rPois   .          Reflect  .   I - +1 hat
rElec   +          Harm     .   (no cloak)
rCorr   .          Rampage  .   h - +0 pair of gloves
Will    ++...                   (no boots)
Stlth   ++........              v - amulet of guardian spirit
HPRegen 2.03/turn               e - +4 ring of protection
MPRegen 0.18/turn               E - +4 ring of strength

@: mighty, strong-willed (expiring), on berserk cooldown, regenerating
(expiring), slowed, glowing, very slow
A: fangs 1, strong nose, distributed training
a: Renounce Religion, Berserk, Trog's Hand


You were on level 10 of the Dungeon.
You worshipped Trog.
Trog was most pleased with you.
You visited 1 branch of the dungeon, and saw 10 of its levels.
You also visited: Ossuary.

You collected 559 gold pieces.
You spent 165 gold pieces at shops.

Inventory:

Hand Weapons
 a - a +3 great sword
 c - a +0 bardiche
 p - a +1 vampiric war axe
 w - a +4 flail
 x - the +10 whip "Viasma" (weapon) {vorpal, rElec}
   (You found it on level 4 of the Dungeon)

   It inflicts extra damage upon your enemies.
   rElec:     It insulates you from electricity.
 A - a +4 scimitar
 D - a +1 rapier of speed
 M - a +7 morningstar
 P - a +2 long sword of freezing
 R - a +1 short sword of holy wrath
 S - a +2 dagger of speed
Missiles
 k - a silver javelin
 l - 2 boomerangs (quivered)
 s - 11 poisoned darts
 z - a boomerang of dispersal
 B - a throwing net
Armour
 h - a +0 pair of gloves (worn)
 t - a +0 troll leather armour (worn)
 I - a +1 hat (worn)
 L - an orb of light (worn)
 N - a +2 leather armour of poison resistance
Jewellery
 e - a +4 ring of protection (left hand)
 v - an amulet of guardian spirit (around neck)
 E - a +4 ring of strength (right hand)
Wands
 y - a wand of polymorph (15)
 F - a wand of light (9)
 K - a wand of iceblast (8)
Scrolls
 f - 3 scrolls of identify
 g - 2 scrolls of immolation
 j - a scroll of vulnerability
 m - 3 scrolls of fog
 q - 2 scrolls of teleportation
 G - a scroll of magic mapping
 J - a scroll of torment
 O - a scroll of poison {unknown}
Potions
 b - 3 potions of heal wounds
 d - a potion of invisibility
 i - 2 potions of cancellation
 n - 2 potions of haste
 o - 5 potions of mutation
 r - 9 potions of curing
 u - 2 potions of resistance
 C - 3 potions of lignification
 H - 4 potions of attraction
 Q - 2 potions of ambrosia


   Skills:
 + Level 6.6 Fighting
 + Level 6.6 Short Blades
 + Level 6.6 Long Blades
 + Level 6.6 Axes
 + Level 6.6 Maces & Flails
 + Level 6.6 Polearms
 + Level 6.6 Staves
 + Level 6.6 Ranged Weapons
 + Level 6.6 Throwing
 + Level 6.6 Armour
 + Level 8.1 Dodging
 + Level 7.9 Stealth
 + Level 6.6 Shields
 + Level 6.6 Unarmed Combat
 + Level 8.4 Spellcasting
 + Level 9.1 Conjurations
 + Level 5.5 Hexes
 + Level 5.5 Summonings
 + Level 5.5 Necromancy
 + Level 5.5 Translocations
 + Level 5.5 Transmutations
 + Level 5.5 Fire Magic
 + Level 5.5 Ice Magic
 + Level 5.5 Air Magic
 + Level 5.5 Earth Magic
 + Level 5.5 Poison Magic
 + Level 7.3 Invocations
 + Level 6.6 Evocations


You had 26 spell levels left.
You didn't know any spells.
Your spell library contained the following spells:

 Spells                   Type           Power      Damage    Failure   Level
 Magic Dart               Conj           100%       1d8       1%          1
 Call Imp                 Summ           25%        N/A       1%          2
 Searing Ray              Conj           76%        2d7       1%          2
 Dazzling Flash           Conj/Hex       64%        N/A       1%          3
 Mephitic Cloud           Conj/Pois/Air  30%        N/A       2%          3
 Ozocubu's Armour         Ice            25%        N/A       3%          3
 Fulminant Prism          Conj/Hex       16%        3d11      6%          4
 Iskenderun's Mystic Bla  Conj/Tloc      32%        2d8       6%          4
 Metabolic Englaciation   Hex/Ice        12%        N/A       34%         5
 Simulacrum               Ice/Necr       12%        N/A       88%         6


Dungeon Overview and Level Annotations

Branches:
Dungeon (10/15)            Temple (0/1) D:7         Ossuary (visited)
   Lair: D:8-11         Orc: D:9-12

Altars:
Dithmenos
Fedhas
Makhleb
Trog

Shops:
D:2 =

Annotations:
D:6 exclusion: oklob plant


Innate Abilities, Weirdness & Mutations

You have very sharp teeth.
Your uncanny sense of smell can sniff out nearby items.
Your experience applies equally to all skills.


Message History

Found six items.
The orc knight hits you with a +0 great sword!!
The cyclops hits you!
You see here a tengu corpse.
You whack the cyclops!
The cyclops is moderately wounded.
You whack the cyclops!
The cyclops is heavily wounded.
The orc knight barely misses you.
You whack the cyclops!
The cyclops is severely wounded.
The cyclops hits you!
You whack the cyclops!
You kill the cyclops!
Trog accepts your kill. The orc knight misses you.
You whack the orc knight! Your bite misses the orc knight.
The orc knight is lightly wounded.
You are no longer berserk.
You are exhausted.
You feel yourself slow down.
The orc knight hits you with a +0 great sword.
You hit the orc knight.
The orc knight is moderately wounded.
The orc knight hits you with a +0 great sword!
* * * LOW HITPOINT WARNING * * *
You whack the orc knight!
The orc knight is moderately wounded.
The orc knight closely misses you.
Aiming: Bolt of Light
Press: ? - help, Shift-Dir - straight line, f - orc knight
Aim: an orc knight, wielding a +0 great sword and wearing a +0 plate armour (moderately wounded, haloed, 82% to hit)
The bolt of light hits the orc knight!!
The orc knight is severely wounded.
The orc knight is blinded.
You feel the effects of Trog's Hand fading.
The orc knight hits you with a +0 great sword!!
* * * LOW HITPOINT WARNING * * *
The orc knight hits you with a +0 great sword!
You die...

.#..##
#...###...#
.#.##
#####.†##
#..### ...
#......#
.... .
#..###..##
#..### #.
#...###...#
##.......#
##.....##
#####'###
#..(#@#∆∆∆
#.o##∆∆∆
#.......$$#
#.#.....###
+ ...#....
.#.....###
#.......)∆
# #..# $?!
∆ ..#. )$!#


You could see an orc knight (blind).

Vanquished Creatures
  A two-headed ogre (D:9)
  A centaur warrior (D:9)
  A tengu warrior (D:9)
  A deep elf pyromancer (D:9)
  A cyclops (D:10)
  A manticore (D:10)
  A tengu conjurer (D:10)
  A troll (D:10)
  A slime creature (D:10)
  Sigmund (D:6)
  2 wraiths (Ossuary)
  Eustachio (D:6)
  3 wyverns
  A steam dragon (D:7)
  A vampire mosquito (D:10)
  An acid dragon (D:10)
  A water moccasin (D:5)
  3 orc warriors
  2 black bears
  3 ogres
  3 centaurs
  4 phantoms
  2 kobold brigands
  2 bullfrogs (D:9)
  A necrophage (D:4)
  6 scorpions
  26 wights
  14 killer bees
  4 hounds
  3 jellies
  2 orc priests
  2 gnoll boudas
  3 iguanas
  Natasha (thrice) (D:2)
  9 orc wizards
  A mummy (D:7)
  16 gnolls
  7 adders
  2 white imps (D:7)
  4 adder zombies (Ossuary)
  A worm (D:3)
  A dart slug (D:3)
  32 orcs
  4 bats
  7 endoplasms
  4 giant cockroaches
  4 goblins
  2 hobgoblins
  3 jackals (D:1)
  9 kobolds
  4 quokkas
  5 ball pythons
  2 kobold zombies (Ossuary)
  2 orc skeletons (Ossuary)
  2 orc zombies (Ossuary)
  2 rats (D:3)
226 creatures vanquished.

Vanquished Creatures (others)
  22 toadstools (D:6)
22 creatures vanquished.

Grand Total: 248 creatures vanquished

Notes
Turn   | Place    | Note
-------+----------+-------------------------------------------
     0 | D:1      | croobank the Gnoll Conjurer began the quest for the Orb.
     0 | D:1      | Reached XP level 1. HP: 13/13 MP: 6/6
   120 | D:1      | Reached XP level 2. HP: 19/19 MP: 5/7
   123 | D:1      | Learned a level 2 spell: Searing Ray
   853 | D:1      | Found a faded altar of an unknown god.
   898 | D:1      | Prayed at the altar of an unknown god.
   898 | D:1      | Became a worshipper of Trog the Wrathful
   898 | D:1      | Reached * piety under Trog
   987 | D:2      | Found Fijouluv's One-of-a-Kind Rings.
   994 | D:2      | Reached skill level 5 in Spellcasting
   994 | D:2      | Reached XP level 3. HP: 23/25 MP: 7/9
  1072 | D:2      | Noticed Natasha
  1088 | D:2      | Killed Natasha
  1089 | D:2      | Reached skill level 1 in Fighting
  1089 | D:2      | Reached skill level 1 in Short Blades
  1089 | D:2      | Reached skill level 1 in Long Blades
  1089 | D:2      | Reached skill level 1 in Axes
  1089 | D:2      | Reached skill level 1 in Maces & Flails
  1089 | D:2      | Reached skill level 1 in Polearms
  1089 | D:2      | Reached skill level 1 in Staves
  1089 | D:2      | Reached skill level 1 in Ranged Weapons
  1089 | D:2      | Reached skill level 1 in Throwing
  1089 | D:2      | Reached skill level 1 in Armour
  1089 | D:2      | Reached skill level 1 in Shields
  1089 | D:2      | Reached skill level 1 in Unarmed Combat
  1089 | D:2      | Reached skill level 1 in Invocations
  1089 | D:2      | Reached skill level 1 in Evocations
  1436 | D:2      | Reached XP level 4. HP: 32/32 MP: 11/11
  1616 | D:3      | Found a shadowy altar of Dithmenos.
  1618 | D:3      | Found a burning altar of Makhleb.
  1621 | D:3      | Reached skill level 1 in Hexes
  1621 | D:3      | Reached skill level 1 in Summonings
  1621 | D:3      | Reached skill level 1 in Necromancy
  1621 | D:3      | Reached skill level 1 in Translocations
  1621 | D:3      | Reached skill level 1 in Transmutations
  1621 | D:3      | Reached skill level 1 in Fire Magic
  1621 | D:3      | Reached skill level 1 in Ice Magic
  1621 | D:3      | Reached skill level 1 in Air Magic
  1621 | D:3      | Reached skill level 1 in Earth Magic
  1621 | D:3      | Reached skill level 1 in Poison Magic
  1790 | D:2      | Noticed Natasha
  1801 | D:2      | Killed Natasha
  1802 | D:2      | Reached XP level 5. HP: 16/37 MP: 12/12
  2012 | D:2      | Noticed Natasha
  2030 | D:2      | Killed Natasha
  2836 | D:3      | Reached XP level 6. HP: 44/44 MP: 13/13
  3415 | D:4      | Reached ** piety under Trog
  3444 | D:4      | Reached skill level 5 in Dodging
  3778 | D:4      | Noticed a black bear
  3790 | D:4      | Killed a black bear
  3931 | D:4      | Identified the +10 whip "Viasma" {vorpal, rElec}
  4089 | D:4      | Reached XP level 7. HP: 51/51 MP: 13/15
  4422 | D:5      | Entered Level 5 of the Dungeon
  4691 | D:5      | Reached skill level 5 in Stealth
  4971 | D:5      | Reached XP level 8. HP: 44/58 MP: 11/16
  5975 | D:6      | Noticed Sigmund
  6176 | D:6      | Noticed Eustachio
  6183 | D:6      | Killed Eustachio
  6200 | D:6      | Reached XP level 9. HP: 60/65 MP: 16/18
  6463 | D:2      | Bought a +4 ring of strength for 165 gold pieces
  6584 | D:7      | Reached skill level 8 in Conjurations
  6604 | D:7      | Found a staircase to the Ecumenical Temple.
  6632 | D:7      | Found a sand-covered staircase.
  6653 | Ossuary  | Entered an ossuary
  7156 | D:7      | Reached skill level 5 in Invocations
  7156 | D:7      | Reached *** piety under Trog
  8426 | D:6      | Found a blossoming altar of Fedhas.
  8477 | D:6      | Noticed an oklob plant
  8577 | D:6      | Killed Sigmund
  8578 | D:6      | Reached skill level 5 in Fighting
  8578 | D:6      | Reached skill level 5 in Short Blades
  8578 | D:6      | Reached skill level 5 in Long Blades
  8578 | D:6      | Reached skill level 5 in Axes
  8578 | D:6      | Reached skill level 5 in Maces & Flails
  8578 | D:6      | Reached skill level 5 in Polearms
  8578 | D:6      | Reached skill level 5 in Staves
  8578 | D:6      | Reached skill level 5 in Ranged Weapons
  8578 | D:6      | Reached skill level 5 in Throwing
  8578 | D:6      | Reached skill level 5 in Armour
  8578 | D:6      | Reached skill level 5 in Shields
  8578 | D:6      | Reached skill level 5 in Unarmed Combat
  8578 | D:6      | Reached skill level 5 in Evocations
  8578 | D:6      | Reached XP level 10. HP: 71/74 MP: 20/20
  9660 | D:8      | Identified the +7 quarterstaff of Delightful Defiance
                  | {pain, Int+4 SInv}
 11202 | D:9      | Identified the +0 leather armour "Bieguut" {Harm}
 11363 | D:9      | Noticed a centaur warrior
 11377 | D:9      | Killed a centaur warrior
 11977 | D:9      | Noticed a tengu warrior
 11990 | D:9      | Noticed a two-headed ogre
 12010 | D:9      | Killed a tengu warrior
 12011 | D:9      | Reached skill level 5 in Hexes
 12011 | D:9      | Reached skill level 5 in Summonings
 12011 | D:9      | Reached skill level 5 in Necromancy
 12011 | D:9      | Reached skill level 5 in Translocations
 12011 | D:9      | Reached skill level 5 in Transmutations
 12011 | D:9      | Reached skill level 5 in Fire Magic
 12011 | D:9      | Reached skill level 5 in Ice Magic
 12011 | D:9      | Reached skill level 5 in Air Magic
 12011 | D:9      | Reached skill level 5 in Earth Magic
 12011 | D:9      | Reached skill level 5 in Poison Magic
 12011 | D:9      | Reached XP level 11. HP: 37/81 MP: 10/23
 12020 | D:9      | Killed a two-headed ogre
 12225 | D:9      | Noticed a deep elf pyromancer
 12249 | D:9      | Killed a deep elf pyromancer
 12389 | D:10     | Entered Level 10 of the Dungeon
 12428 | D:10     | Reached skill level 9 in Conjurations
 12755 | D:10     | Noticed a cyclops
 12756 | D:10     | Noticed an orc knight
 12757 | D:10     | Noticed a manticore
 12773 | D:10     | Killed a manticore
 12778 | D:10     | Killed a cyclops
 12783 | D:10     | Slain by an orc knight

Illustrated notes

Levels and vault maps discovered:
D:1:      minmay_arrival_nine_rooms, layout_basic,
          hellmonk_ecumenical_altar_slurped_away, chequers_serial_rivers_large_b
D:2:      layout_rooms, nicolae_shop_unique_rings, kennysheep_flooded_box,
          uniq_natasha
D:3:      layout_basic, jmf_multi_god_temple
D:4:      layout_gridville, minmay_misc_feat_iff, minivault_23
D:5:      layout_loops_ring, nrook_mini_vaults, chequers_serial_rivers_large_a
D:6:      layout_loops_cross, tgw_fedhas, uniq_sigmund, uniq_eustachio
D:7:      layout_basic, minmay_temple_entry_waves, gup_ossuary_entry_pyramid,
          minmay_starry_boxes
D:8:      layout_basic
D:9:      minmay_distorted_concentric_squares, layout_irregular_city
D:10:     minmay_the_grid_plus_closed [minmay_the_grid_pillar_ring,
          minmay_the_grid_outer_circle, minmay_the_grid_outer_diamond,
          minmay_the_grid_expand, minmay_the_grid_prize_big_room], layout_basic,
          lair_entry_dummy, orc_david_3, uniq_grum

Skill      XL: |  1  2  3  4  5  6  7  8  9 10 11 |
---------------+----------------------------------+-----
Spellcasting   | 5 6 7 8 |  8.4
Fighting       | 1 2 3 5 6 |  6.6
Short Blades   | 1 2 3 5 6 |  6.6
Long Blades    | 1 2 3 5 6 |  6.6
Axes           | 1 2 3 5 6 |  6.6
Maces & Flails | 1 2 3 5 6 |  6.6
Polearms       | 1 2 3 5 6 |  6.6
Staves         | 1 2 3 5 6 |  6.6
Ranged Weapons | 1 2 3 5 6 |  6.6
Throwing       | 1 2 3 5 6 |  6.6
Armour         | 1 2 3 5 6 |  6.6
Shields        | 1 2 3 5 6 |  6.6
Unarmed Combat | 1 2 3 5 6 |  6.6
Invocations    | 1 2 3 4 5 6 7 |  7.3
Evocations     | 1 2 3 5 6 |  6.6
Hexes          | 1 2 3 4 5 |  5.5
Summonings     | 1 2 3 4 5 |  5.5
Necromancy     | 1 2 3 4 5 |  5.5
Translocations | 1 2 3 4 5 |  5.5
Transmutations | 1 2 3 4 5 |  5.5
Fire Magic     | 1 2 3 4 5 |  5.5
Ice Magic      | 1 2 3 4 5 |  5.5
Air Magic      | 1 2 3 4 5 |  5.5
Earth Magic    | 1 2 3 4 5 |  5.5
Poison Magic   | 1 2 3 4 5 |  5.5
Dodging        | 5 6 7 8 |  8.1
Stealth        | 5 6 7 |  7.9
Conjurations   | 8 9 |  9.1

Action                   |  1- 3 |  4- 6 |  7- 9 | 10-12 || total
-------------------------+-------+-------+-------+-------++-------
Melee: Dagger            |    32 |    31 |    20 |     3 ||    86
       Bite              |     5 |    14 |    26 |    35 ||    80
       Unarmed           |     2 |       |       |    14 ||    16
       Punch             |     1 |     2 |    11 |     6 ||    20
       War axe           |     4 |   138 |    11 |       ||   153
       Whip              |       |       |   239 |   166 ||   405
       Morningstar       |       |       |       |   157 ||   157
Throw: Javelin           |       |     4 |     2 |       ||     6
       Dart              |       |     5 |     6 |       ||    11
       Boomerang         |       |       |     4 |       ||     4
 Cast: Magic Dart        |    18 |       |       |       ||    18
       Searing Ray       |     5 |       |       |       ||     5
Invok: Berserk           |     1 |     5 |     8 |     9 ||    23
       Trog's Hand       |       |       |       |     2 ||     2
Evoke: Wand              |       |       |       |     7 ||     7
  Use: Potion            |     1 |     1 |       |     2 ||     4
       Scroll            |     1 |     8 |    13 |     6 ||    28
 Stab: Sleeping          |     2 |     7 |    12 |       ||    21
       Distracted        |       |     1 |       |       ||     1
       Invisible         |       |       |       |     1 ||     1
Armor: Robe              |     7 |    35 |       |       ||    42
       Leather armour    |       |    32 |    71 |   175 ||   278
       Troll leather arm |       |       |       |    15 ||    15
Dodge: Dodged            |    41 |   133 |   149 |   344 ||   667
